 Dungeon Crawl Stone Soup version bcrawl-1.27.6 (webtiles) character file.

Game seed: 4206238625075661989

494234 Faustar the Bludgeoner (level 14, 0/129 HPs)
             Began as a Ghoul Abyssal Knight on Sept 28, 2020.
             Was an Elder of Lugonu.
             Slain by a shambling mangrove (27 damage)
             ... on level 1 of the Swamp.
             The game lasted 01:08:58 (16615 turns).

Faustar the Bludgeoner (Ghoul Abyssal Knight)      Turns: 16615, Time: 01:08:59

Health: 0/129      AC: 27    Str: 21    XL:     14   Next: 40%
Magic:  19/19      EV:  7    Int:  7    God:    Lugonu [****..]
Gold:   1057       SH:  0    Dex: 11    Spells: 13/13 levels left

rFire    . . .     SeeInvis +   G - +0 morningstar (protect)
rCold    + + .     Gourm    .   (no shield)
rNeg     + + +     Faith    +   W - +5 scale mail "Kibrapa" {rC+}
rPois    ∞         Spirit   .   O - +2 hat {SInv}
rElec    .         Reflect  .   z - +0 cloak
rCorr    .         Harm     .   S - +1 pair of gloves {Dex+3}
MR       ++...                  v - +0 pair of boots
Stlth    ..........             a - amulet of faith
HPRegen  0.00/turn              H - ring of see invisible
MPRegen  0.16/turn              T - ring of protection from magic

@: grasped by roots, protection aura, rotting, constricted
A: rotting body, claws 1, carnivore, cold resistance 1, negative energy
resistance 3, inhibited regeneration, torment resistance, unbreathing
a: Depart the Abyss, Bend Space, Banish, Corrupt, Renounce Religion


You were on level 1 of the Swamp.
You worshipped Lugonu.
Lugonu was greatly pleased with you.
You were not hungry.

You visited 3 branches of the dungeon, and saw 16 of its levels.
You visited the Abyss 1 time.
You also visited: Bailey.

You collected 1057 gold pieces.

Inventory:

Hand Weapons
 G - a +0 morningstar of protection (weapon)
Missiles
 c - a tomahawk of dispersal {=f}
 d - 2578 stones
 q - 2 throwing nets {=f}
 y - 803 poisoned tomahawks (quivered)
Armour
 h - a +0 helmet
 j - a +0 buckler
 v - a +0 pair of boots (worn)
 z - a +0 cloak (worn)
 O - a +2 hat of see invisible (worn)
 S - a +1 pair of gloves of dexterity (worn)
 V - a +0 plate armour
 W - the +5 scale mail "Kibrapa" (worn) {rC+}
   (You found it on level 4 of the Lair of Beasts)

   It protects you from cold.
Jewellery
 a - an amulet of faith (around neck)
 k - a +6 amulet of reflection
 H - a ring of see invisible (left hand)
 T - a ring of protection from magic (right hand)
Wands
 b - a wand of acid (7)
 C - a wand of random effects (5)
 K - a wand of iceblast (19)
 L - a wand of flame (35)
 M - a wand of polymorph (7)
 U - a wand of disintegration (21)
Scrolls
 f - 4 scrolls of blinking {unknown}
 g - 4 scrolls of identify
 l - a scroll of brand weapon {unknown}
 n - 3 scrolls of amnesia {unknown}
 r - 6 scrolls of teleportation
 t - 4 scrolls of remove curse
 x - 5 scrolls of magic mapping
 F - a scroll of fear {unknown}
 I - a scroll of immolation {unknown}
 P - 3 scrolls of enchant armour {unknown}
 Q - 3 scrolls of fog {unknown}
 R - a scroll of acquirement {unknown}
Potions
 m - 2 potions of haste {unknown}
 o - 9 potions of curing
 p - 4 potions of magic
 s - a potion of cancellation {unknown}
 u - 4 potions of brilliance {unknown}
 w - 5 potions of heal wounds
 A - 4 potions of flight {unknown}
 B - a potion of agility {unknown}
 D - 2 potions of invisibility
 E - a potion of might
 N - 3 potions of ambrosia
Miscellaneous
 J - a sack of spiders
 Y - a phial of floods
Comestibles
 e - 38 rations {!d}


   Skills:
 - Level 13.0 Fighting
 - Level 16.1 Maces & Flails
 - Level 0.8 Throwing
 - Level 8.9 Armour
 - Level 0.8 Dodging
 + Level 0.8 Shields
 - Level 8.0 Invocations


You had 13 spell levels left.
You didn't know any spells.
Your spell library contained the following spells:

 Spells                   Type           Power        Failure   Level  Hunger
 Blink                    Tloc           N/A          38%         2    ####...
 Animate Skeleton         Necr           N/A          73%         1    None
 Corona                   Hex            #......      73%         1    None
 Infusion                 Chrm           #.......     73%         1    None
 Magic Dart               Conj           #...         73%         1    None
 Pain                     Necr           #.....       73%         1    None
 Call Imp                 Summ           #.....       86%         2    ####...
 Ensorcelled Hibernation  Hex/Ice        #.....       86%         2    ####...
 Passwall                 Tmut/Erth      #.......     86%         2    ####...
 Searing Ray              Conj           #.......     86%         2    ####...
 Song of Slaying          Chrm           #.......     86%         2    ####...
 Sticks to Snakes         Tmut           #.......     86%         2    ####...
 Confuse                  Hex            #.......     97%         3    #####..
 Conjure Flame            Conj/Fire      #.......     97%         3    #####..
 Dazzling Orbs            Conj/Hex       #......      97%         3    #####..
 Iskenderun's Mystic Bla  Conj           #.......     97%         3    #####..
 Mephitic Cloud           Conj/Pois/Air  #.......     97%         3    #####..
 Ozocubu's Armour         Chrm/Ice       #.......     97%         3    #####..
 Regeneration             Chrm/Necr      #.........   97%         3    #####..
 Spectral Weapon          Hex/Chrm       #.......     97%         3    #####..
 Tukima's Dance           Hex            #.......     97%         3    #####..
 Vampiric Draining        Necr           #.........   97%         3    #####..
 Animate Dead             Necr           N/A          100%        4    ######.
 Fulminant Prism          Conj/Hex       #.........   100%        4    ######.
 Bolt of Draining         Conj/Necr      #.........   100%        5    #######
 Irradiate                Conj/Tmut      #.........   100%        5    #######
 Beastly Appendage        Tmut           Unusable     N/A         1    N/A
 Spider Form              Tmut/Pois      Unusable     N/A         3    N/A
 Ice Form                 Ice/Tmut       Unusable     N/A         4    N/A
 Blade Hands              Tmut           Unusable     N/A         5    N/A

Dungeon Overview and Level Annotations

Branches:
Dungeon (9/12)             Temple (0/1) D:6            Lair (6/6) D:7
  Swamp (1/3) Lair:4        Snake (0/3) Lair:4        Slime (0/5) Lair:5
    Orc: D:8-11

Altars:
Dithmenos
Elyvilon
Hepliaklqana
Nemelex Xobeh
Okawaru
Qazlal
Ru
Sif Muna
Vehumet
Xom
Jiyva

Shops:
D:4 =

Annotations:
Lair:1 exclusion: 2 oklob plants


Innate Abilities, Weirdness & Mutations

Your body is rotting away.
You thrive on raw meat.
You are immune to poison.
You have sharp fingernails.
You are carnivorous and can eat meat at any time.
Your flesh is cold resistant. (rC+)
You are immune to negative energy. (rN+++)
You do not regenerate when monsters are visible.
You are immune to unholy pain and torment.
You can survive without breathing.


Message History

Okay, then.
Unknown command.
Unknown command.
It was a potion of magic.
Magic courses through your body.
The hornet stings you but does no damage.
The hornet barely misses you.
The hornet stings you but does no damage.
The shambling mangrove barely misses you.
* * * LOW HITPOINT WARNING * * *
The grasping roots constrict you.
It was a potion of heal wounds.
You feel much better. The hornet stings you!
* * * LOW HITPOINT WARNING * * *
The hornet stings you but does no damage.
The hornet stings you.
* * * LOW HITPOINT WARNING * * *
You completely miss the shambling mangrove.
The shambling mangrove is almost destroyed.
The hornet stings you but does no damage.
The shambling mangrove hits you!!
You die...

♣♣≈♣....≈.♣
♣♣.≈≈♣♣....♣
♣♣♣♣♣.≈≈≈≈..≈.♣♣
♣♣
♣≈..[♣♣≈..≈.≈≈≈♣
≈♣♣
♣≈.≈<≈♣....♣.≈♣♣
.$..
♣.≈≈≈.≈♣≈♣.♣.♣♣
.≈...
§.≈≈≈.....♣♣♣.♣♣
♣♣♣♣.≈≈.§
♣♣≈≈≈..≈≈.♣
♣..♣♣♣≈♣..≈≈≈≈
...≈§.≈≈.♣
♣...@f....≈≈≈≈
.♣♣♣♣♣....♣
♣..yy≈.≈≈≈≈≈≈≈ ♣
.♣♣♣♣♣
♣♣♣♣♣...≈≈≈≈≈≈
♣♣♣♣..≈≈≈.
♣♣...≈ ≈≈. ≈. ♣


You could see a shambling mangrove and 2 hornets.

Vanquished Creatures
  Gastronok (Lair:3)
  A sphinx (Lair:4)
  5 hydras
  2 death yaks (Lair:5)
  Sonja (Lair:6)
  A fire crab (Lair:6)
  A swamp dragon (Swamp:1)
  A cyclops (D:7)
  4 anaconda skeletons (Lair:4)
  Pikel (D:7)
  A manticore (Lair:6)
  4 elephants (Lair:4)
  A molten gargoyle (Lair:6)
  A torpor snail (Lair:5)
  3 black mambas
  10 cane toads
  4 komodo dragons
  2 trolls (D:9)
  A tyrant leech (Lair:4)
  2 polar bears (Lair:3)
  2 hornets (Swamp:1)
  16 blink frogs
  8 hippogriffs
  8 dream sheep
  2 wyverns
  45 yaks
  7 basilisks
  2 spriggans (Swamp:1)
  A steam dragon (D:9)
  3 hungry ghosts
  6 swamp worms
  7 crocodiles
  An insubstantial wisp (Swamp:1)
  2 hell hounds (Lair:6)
  3 porcupines
  3 orc warriors
  8 water moccasins
  3 ice beasts
  3 slaves (D:7)
  3 sky beasts
  A necrophage (D:7)
  4 ogres
  12 wolves
  3 centaurs
  A big kobold (D:8)
  8 bullfrogs
  A gnoll sergeant (D:8)
  A wyvern skeleton (D:9)
  2 scorpions
  A killer bee (D:7)
  6 howler monkeys
  2 bullfrog zombies
  2 crimson imps
  A quasit (D:7)
  5 hounds
  2 jellies (Lair:5)
  5 orc priests
  A gnoll shaman (D:7)
  A centaur skeleton (D:8)
  A bullfrog skeleton (D:8)
  Jessica (D:2)
  6 worker ants
  6 orc wizards
  2 worker ant zombies
  26 gnolls
  10 adders
  A shadow imp (D:8)
  2 oozes (Lair:5)
  An adder zombie (D:7)
  An adder skeleton (D:8)
  2 worms
  A dart slug (D:2)
  6 leopard geckos
  23 orcs
  2 ball pythons
  A giant cockroach (D:1)
  18 hobgoblins
  3 jackals (D:7)
  7 quokkas
  4 bats
  6 frilled lizards
  6 goblins
  2 jackal skeletons
  15 kobolds
  5 rats
397 creatures vanquished.

Vanquished Creatures (collateral kills)
  A slave (D:7)
1 creature vanquished.

Vanquished Creatures (others)
  2 hydras
  A tengu warrior (D:9)
  A goliath frog (Lair:5)
  An orc knight (Bailey)
  An oklob plant (Lair:1)
  A cane toad (Lair:5)
  A komodo dragon (Lair:1)
  A tengu conjurer (D:9)
  A crocodile (Lair:5)
  A water moccasin (Lair:6)
  A wolf (Lair:5)
  2 gnolls (D:7)
  2 kobolds (Bailey)
  3 fungi
  3 plants
22 creatures vanquished.

Grand Total: 420 creatures vanquished

Notes
Turn   | Place    | Note
-------+----------+-------------------------------------------
     0 | Abyss:1  | Faustar the Ghoul Abyssal Knight began the quest for the
                  | Orb.
     0 | Abyss:1  | Reached XP level 1. HP: 19/19 MP: 1/1
    41 | D:1      | Escaped the Abyss
   160 | D:1      | Reached skill level 2 in Maces & Flails
   170 | D:1      | Reached XP level 2. HP: 21/26 MP: 2/2
   806 | D:1      | Reached XP level 3. HP: 33/33 MP: 3/3
  1036 | D:2      | Noticed Jessica
  1054 | D:2      | Killed Jessica
  1167 | D:2      | Reached skill level 3 in Maces & Flails
  1167 | D:2      | Reached XP level 4. HP: 38/41 MP: 4/4
  1462 | D:2      | Reached ** piety under Lugonu
  1511 | D:2      | Found a radiant altar of Vehumet.
  2023 | D:3      | Reached XP level 5. HP: 47/47 MP: 5/5
  2057 | D:3      | Found a sparkling altar of Nemelex Xobeh.
  2073 | D:2      | HP: 2/47 [bat (1)]
  2236 | D:3      | Found a stormy altar of Qazlal.
  2250 | D:3      | Reached skill level 5 in Fighting
  2511 | D:3      | Reached skill level 4 in Maces & Flails
  2678 | D:3      | Found a shimmering blue altar of Sif Muna.
  2796 | D:4      | Found Kicsitu's Jewellery Shop.
  2813 | D:4      | Reached XP level 6. HP: 41/56 MP: 6/6
  3347 | D:4      | Reached XP level 7. HP: 64/64 MP: 7/7
  3381 | D:5      | Entered Level 5 of the Dungeon
  3396 | D:5      | Noticed a hippogriff
  3404 | D:5      | Killed a hippogriff
  3404 | D:5      | Reached skill level 5 in Maces & Flails
  3624 | D:5      | Found a shadowy altar of Dithmenos.
  3761 | D:5      | Found an iron altar of Okawaru.
  3868 | D:5      | Found a shimmering altar of Xom.
  3870 | D:5      | Found a shimmering altar of Xom.
  3881 | D:5      | Found a shimmering altar of Xom.
  3950 | D:5      | Found a shimmering altar of Xom.
  4037 | D:5      | Reached skill level 6 in Maces & Flails
  4037 | D:5      | Reached XP level 8. HP: 38/74 MP: 8/8
  4158 | D:5      | Found a sacrificial altar of Ru.
  4309 | D:6      | Noticed a hippogriff
  4315 | D:6      | Killed a hippogriff
  4513 | D:6      | Found a staircase to the Ecumenical Temple.
  4608 | D:6      | Noticed a hippogriff
  4617 | D:6      | Killed a hippogriff
  4617 | D:6      | Reached skill level 7 in Maces & Flails
  4778 | D:6      | Noticed a yak
  4779 | D:6      | Noticed a yak
  4800 | D:6      | Killed a yak
  4800 | D:6      | Reached XP level 9. HP: 75/81 MP: 9/9
  4952 | D:6      | Reached *** piety under Lugonu
  4986 | D:5      | Reached skill level 8 in Maces & Flails
  5056 | D:6      | Reached skill level 10 in Fighting
  5803 | D:7      | Found a staircase to the Lair.
  5849 | D:7      | Reached skill level 9 in Maces & Flails
  5988 | D:7      | Reached XP level 10. HP: 50/93 MP: 10/10
  6081 | D:7      | Noticed a cyclops
  6085 | D:7      | Killed a cyclops
  6183 | D:7      | Noticed Pikel
  6253 | D:7      | Killed Pikel
  6253 | D:7      | Reached skill level 5 in Invocations
  6599 | D:7      | Reached **** piety under Lugonu
  7178 | D:8      | Reached skill level 5 in Armour
  7622 | D:9      | Reached XP level 11. HP: 90/101 MP: 14/14
  7710 | D:9      | Received a gift from Lugonu
  7820 | D:9      | Found a white marble altar of Elyvilon.
  7923 | D:9      | Got a creamy pearl robe
  7941 | D:9      | Found a flagged portal.
  7965 | Bailey   | Entered a bailey
  8189 | Bailey   | Noticed an orc knight
  8213 | Bailey   | Banished an orc knight
  8448 | D:9      | Found a hazy altar of Hepliaklqana.
  8562 | D:9      | Noticed a tengu warrior
  8566 | D:9      | Banished a tengu warrior
  8568 | D:9      | Noticed a five-headed hydra
  8760 | Lair:1   | Entered Level 1 of the Lair of Beasts
  9304 | Lair:1   | Noticed an oklob plant
  9493 | Lair:1   | Banished an oklob plant
  9542 | Lair:1   | Noticed an oklob plant
  9542 | Lair:1   | Noticed an oklob plant
  9795 | Lair:1   | Noticed a seven-headed hydra
  9804 | Lair:1   | Banished a seven-headed hydra
 10814 | Lair:2   | Reached XP level 12. HP: 112/112 MP: 17/17
 10857 | Lair:2   | Reached skill level 10 in Maces & Flails
 11424 | Lair:3   | Noticed Gastronok
 11443 | Lair:3   | Killed Gastronok
 11510 | Lair:3   | Got a crude quarterstaff
 11636 | Lair:3   | Reached skill level 11 in Maces & Flails
 11985 | Lair:3   | Reached skill level 12 in Maces & Flails
 12252 | Lair:3   | Noticed a five-headed hydra
 12262 | Lair:3   | Killed a five-headed hydra
 12680 | Lair:4   | Reached XP level 13. HP: 121/121 MP: 18/18
 13103 | Lair:4   | Reached skill level 13 in Maces & Flails
 13110 | Lair:4   | Got a slimy scale mail
 13121 | Lair:4   | Identified the +5 scale mail "Kibrapa" {rC+} (You found it
                  | on level 4 of the Lair of Beasts)
 13123 | Lair:4   | Got a polished ring mail
 13135 | Lair:4   | Identified the +1 ring mail of Defiance {rC+} (You found it
                  | on level 4 of the Lair of Beasts)
 13467 | Lair:4   | Found a staircase to the Swamp.
 13508 | Lair:4   | Found a staircase to the Snake Pit.
 13508 | Lair:4   | Noticed a sphinx
 13519 | Lair:4   | Paralysed by a sphinx for 4 turns
 13526 | Lair:4   | Killed a sphinx
 13804 | Lair:4   | Reached skill level 14 in Maces & Flails
 14703 | Lair:5   | Found a viscous altar of Jiyva.
 14735 | Lair:5   | Found a staircase to the Slime Pits.
 14736 | Lair:5   | Found a viscous altar of Jiyva.
 14872 | Lair:5   | Received a gift from Lugonu
 15183 | Lair:6   | Entered Level 6 of the Lair of Beasts
 15196 | Lair:5   | Reached skill level 15 in Maces & Flails
 15198 | Lair:5   | HP: 3/122 [cane toad (16)]
 15420 | Lair:6   | Reached XP level 14. HP: 128/128 MP: 19/19
 15591 | Lair:6   | Received a gift from Lugonu
 15700 | Lair:6   | Noticed Sonja
 15731 | Lair:6   | Killed Sonja
 15806 | Lair:6   | Received a gift from Lugonu
 16243 | Swamp:1  | Entered Level 1 of the Swamp
 16256 | Swamp:1  | Received a gift from Lugonu
 16256 | Swamp:1  | Reached skill level 16 in Maces & Flails
 16615 | Swamp:1  | Slain by a shambling mangrove

Skill      XL: |  1  2  3  4  5  6  7  8  9 10 11 12 13 14 |
---------------+-------------------------------------------+-----
Maces & Flails | 2 3 4 6 7 9 12 15 16 | 16.1
Fighting       | 4 5 6 7 9 11 13 | 13.0
Invocations    | 6 8 |  8.0
Armour         | 6 8 |  8.9
Throwing       | |  0.8
Dodging        | |  0.8
Shields        | |  0.8

Action                   |  1- 3 |  4- 6 |  7- 9 | 10-12 | 13-15 || total
-------------------------+-------+-------+-------+-------+-------++-------
Melee: Mace              |    94 |   280 |    62 |       |       ||   436
       Flail             |       |       |    79 |       |       ||    79
       Morningstar       |       |       |    84 |   636 |   550 ||  1270
Throw: Tomahawk          |       |    16 |    56 |   251 |   274 ||   597
       Stone             |       |     3 |       |     1 |       ||     4
Invok: Banish            |       |       |       |     7 |     4 ||    11
Evoke: Wand              |       |       |     1 |    15 |     2 ||    18
       Sack of spiders   |       |       |       |     7 |       ||     7
  Use: Scroll            |     3 |       |       |     5 |     2 ||    10
       Potion            |       |       |       |       |     2 ||     2
  Eat: Chunk             |    14 |    27 |    21 |   111 |    87 ||   260
Armor: Leather armour    |     8 |       |       |       |       ||     8
       Ring mail         |    37 |       |       |       |       ||    37
       Chain mail        |    17 |   245 |   141 |   482 |    38 ||   923
       Scale mail        |       |       |       |       |   443 ||   443
       Plate armour      |       |       |       |       |    16 ||    16
Dodge: Dodged            |    66 |   144 |    70 |   313 |   273 ||   866
Block: Other             |       |    16 |    80 |   205 |    92 ||   393
       Reflection        |       |       |     2 |     8 |     1 ||    11
